 Dungeon Crawl Stone Soup version 0.28.0-53-g5a82cb258f (webtiles) character file.

Game seed: 9763949923043747925

14173 Revguard the Thaumaturge (level 11, -8/75 HPs)
             Began as a Demonspawn Gladiator on July 20, 2022.
             Was an Elder of Hepliaklqana.
             Killed by divine providence
             ... invoked by a meliai
              (15 damage)
             ... on level 12 of the Dungeon.
             The game lasted 00:31:00 (11634 turns).

Revguard the Thaumaturge (Demonspawn Gladiator)    Turns: 11634, Time: 00:31:02

Health: -8/75      AC: 14    Str: 16    XL:     11   Next: 85%
Magic:  0/23       EV: 16    Int: 17    God:    Hepliaklqana [****..]
Gold:   1204       SH:  0    Dex: 20    Spells: 12/26 levels left

rFire   . . .      SeeInvis .   z - +12 short sword of the Dragonfly {vorpal, *Rage rElec rC++ Stlth+}
rCold   + + .      Faith    .   (no shield)
rNeg    . . .      Spirit   +   a - +1 troll leather armour
rPois   .          Reflect  .   c - +0 helmet
rElec   +          Harm     .   C - +2 cloak
rCorr   .          Rampage  .   h - +2 pair of gloves "Ympoarara" {Dex+4}
Will    .....      Rage     20% (no boots)
Stlth   ++........              (no amulet)
HPRegen 2.02/turn               f - +6 ring of intelligence
MPRegen 0.36/turn               u - ring of wizardry

@: lethally poisoned (-8 -> -23), on berserk cooldown, hasted and slowed
A: reduced essence, hooves 1, powered by death 2, magic shield, magic
regeneration
a: Renounce Religion, Recall Ancestor, Ancestor Identity, Transference, Idealise


You were on level 12 of the Dungeon.
You worshipped Hepliaklqana.
Hepliaklqana was greatly pleased with you.
You visited 1 branch of the dungeon, and saw 11 of its levels.

You collected 1204 gold pieces.

Inventory:

Hand Weapons
 l - a +3 scimitar of flaming
 z - the +12 short sword of the Dragonfly (weapon) {vorpal, *Rage rElec rC++ Stlth+}
   (You found it on level 7 of the Dungeon)

   It inflicts extra damage upon your enemies.
   rC:        It greatly protects you from cold.
   rElec:     It insulates you from electricity.
   *Rage:     It berserks you when you make melee attacks (+20% chance).
   Stlth:     It makes you more stealthy.
Missiles
 d - 3 throwing nets (quivered)
Armour
 a - a +1 troll leather armour (worn)
 c - a +0 helmet (worn)
 h - the +2 pair of gloves "Ympoarara" (worn) {Dex+4}
   (You acquired it on level 8 of the Dungeon)

   Dex:       It affects your dexterity (+4).
 C - a +2 cloak (worn)
Jewellery
 f - a +6 ring of intelligence (left hand)
 m - a ring of wizardry
 u - a ring of wizardry (right hand)
Wands
 n - a wand of flame (4)
 v - a wand of iceblast (16)
 w - a wand of paralysis (7)
Scrolls
 b - 2 scrolls of fear
 g - 2 scrolls of identify
 j - 2 scrolls of enchant weapon
 o - a scroll of noise
 r - a scroll of magic mapping
 t - a scroll of torment
Potions
 e - a potion of brilliance
 i - a potion of ambrosia
 k - a potion of curing
 q - a potion of mutation
Miscellaneous
 p - a phial of floods


   Skills:
 + Level 7.2 Fighting
 * Level 7.5 Long Blades
 - Level 1.7 Throwing
 + Level 7.3 Armour
 + Level 6.8 Dodging
 + Level 8.4 Spellcasting
 + Level 7.3 Necromancy
 + Level 5.2 Evocations


You had 12 spell levels left.
You knew the following spells:

 Your Spells              Type           Power      Damage    Failure   Level
a - Corpse Rot            Necr/Air       38%        N/A       1%          2
b - Dispel Undead         Necr           32%        3d14      2%          4
c - Passwall              Tmut/Erth      5%         N/A       8%          2
d - Death Channel         Necr           16%        N/A       32%         6

Your spell library contained the following spells:

 Spells                   Type           Power      Damage    Failure   Level
 Animate Skeleton         Necr           64%        N/A       1%          1
 Apportation              Tloc           14%        N/A       4%          1
 Freeze                   Ice            28%        1d5       4%          1
 Magic Dart               Conj           28%        1d4       4%          1
 Sandblast                Erth           14%        2d6       4%          1
 Shock                    Conj/Air       28%        1d4       4%          1
 Summon Small Mammal      Summ           28%        N/A       4%          1
 Call Imp                 Summ           7%         N/A       8%          2
 Frozen Ramparts          Ice            14%        1d3       14%         3
 Mephitic Cloud           Conj/Pois/Air  7%         N/A       14%         3
 Stone Arrow              Conj/Erth      14%        3d7       14%         3
 Swiftness                Air            7%         N/A       14%         3
 Airstrike                Air            3%         N/A       41%         4
 Hailstorm                Conj/Ice       7%         3d4       41%         4


Dungeon Overview and Level Annotations

Branches:
Dungeon (10/15)            Temple (0/1) D:7            Lair (0/6) D:9
    Orc: D:9-12

Altars:
Ashenzari
Dithmenos
Fedhas
Gozag
Hepliaklqana
Kikubaaqudgha
Nemelex Xobeh
Okawaru
Qazlal
Ru
Vehumet
Wu Jian
Zin

Shops:
D:5 *


Innate Abilities, Weirdness & Mutations

Your life essence is reduced to manifest your ancestor. (-10% HP)
You have large cloven feet.
You regenerate health from kills.
When hurt, damage is shared between your health and your magic reserves.
You regenerate magic rapidly.


Message History

The meliai stings you but does no damage.
The meliai hits you but does no damage. The meliai stings you.
You are more poisoned.
The meliai poisons you! The meliai misses you.
The meliai stings you but does no damage.
The meliai hits you with a +0 war axe.
The meliai misses Milos.
The meliai misses you. The meliai closely misses you.
The meliai stings you but does no damage.
Milos misses the meliai.
The meliai barely misses you. x2
The meliai misses you.
The meliai closely misses Milos.
The meliai misses you. The meliai closely misses you. The meliai stings you.
You feel yourself speed up.
You feel extremely sick. The meliai completely misses you.
The meliai stings you.
* * * LOW HITPOINT WARNING * * *
The meliai calls upon its god to heal the meliai.
The meliai is healed somewhat.
The meliai barely misses you. The meliai stings you.
* * * LOW HITPOINT WARNING * * *
The meliai hits you but does no damage. The meliai completely misses you. x2
The meliai hits Milos with a +0 war axe!
The meliai closely misses you. The meliai hits you with a +0 war axe!
* * * LOW HITPOINT WARNING * * *
The meliai misses you.
Milos closely misses the meliai.
A two-headed ogre comes into view.
It is wielding a +0 giant club and a +0 giant spiked club.
The meliai closely misses you. The meliai stings you.
* * * LOW HITPOINT WARNING * * *
You are lethally poisoned!
The meliai poisons you! The meliai closely misses you.
The meliai barely misses you.
The meliai calls upon its god to heal the meliai.
The meliai's wounds heal themselves!
Milos closely misses the meliai.
Okay, then.
Okay, then.
You feel much better.
* * * LOW HITPOINT WARNING * * *
You feel extremely sick.
The meliai mumbles some strange prayers to its god against you.
Something smites you!
You die...

.......................
........................
........................
........................
...........)............
........................
?.......................
........................
......y@R...............
......yy................
........................
........................
........................
.......................)
........................
..........O.... ........
........


You could see the friendly Milos the battlemage, a two-headed ogre and 3 meliai.

Vanquished Creatures
  A stone giant (D:10)
  Harold (D:8)
  Erica (D:8)
  A deep troll earth mage (D:10)
  A wizard (D:10)
  Pikel (D:5)
  A deep elf pyromancer (D:10)
  A manticore (D:12)
  A cyclops (D:10)
  Maggie (D:8)
  A kobold demonologist (D:6)
  A troll (D:7)
  A hornet (D:10)
  Grinder (D:3)
  Prince Ribbit (D:6)
  6 slime creatures
  A yak (shapeshifter) (D:10)
  Eustachio (D:6)
  5 yaks (D:8)
  Menkaure (D:4)
  A steam dragon (D:8)
  A water moccasin (D:7)
  A hornet zombie (D:6)
  A necrophage (D:3)
  An ogre (D:6)
  A centaur (D:12)
  2 kobold brigands
  3 bullfrogs
  A wyvern zombie (D:8)
  A gnoll sergeant (D:9)
  2 water moccasin skeletons
  A killer bee (D:9)
  2 wights (D:6)
  A vampire bat (D:8)
  2 howler monkeys
  2 centaur zombies
  A jelly (D:4)
  3 orc priests
  2 gnoll shamans (D:4)
  3 hounds
  13 orc wizards
  3 iguanas
  4 hound skeletons (D:4)
  12 gnolls
  10 adders
  A shadow imp (D:7)
  2 white imps
  3 worms
  2 dart slugs
  19 orcs
  8 ball pythons
  9 bats
  4 bat skeletons (D:8)
  A bat zombie (D:8)
  7 endoplasms
  7 giant cockroaches
  7 hobgoblins
  22 kobolds
  4 quokkas
  5 frilled lizards
  10 goblins
  7 rats
221 creatures vanquished.

Vanquished Creatures (collateral kills)
  The ghost of hitsuchi the Carver, a novice TeBe of Trog (D:7)
  2 unseen horrors
  2 trolls
  2 slime creatures (D:12)
  Sigmund (D:6)
  The ghost of Hyperion the Chiller, an amateur VSIE (D:3)
  2 wyverns
  An ice beast (D:8)
  A necrophage (D:6)
  A centaur (D:12)
  2 bullfrogs (D:9)
  A gnoll sergeant (D:10)
  A scorpion (D:6)
  3 killer bees (D:9)
  A vampire bat (D:8)
  A wight (D:6)
  A howler monkey (D:7)
  A centaur zombie (D:7)
  2 quasits (D:3)
  2 orc priests (D:7)
  Crazy Yiuf (D:7)
  3 orc wizards
  A hound skeleton (D:5)
  A howler monkey zombie (D:9)
  5 gnolls
  A shadow imp (D:8)
  6 orcs
  A bat skeleton (D:8)
  6 kobolds
54 creatures vanquished.

Vanquished Creatures (others)
  2 battlemagi
  2 ancestors
  An orc (D:8)
  5 fungi (D:9)
  40 plants
50 creatures vanquished.

Grand Total: 325 creatures vanquished

Notes
Turn   | Place    | Note
-------+----------+-------------------------------------------
     0 | D:1      | Revguard the Demonspawn Gladiator began the quest for the
                  | Orb.
     0 | D:1      | Reached XP level 1. HP: 16/16 MP: 1/1
   229 | D:1      | Found a faded altar of an unknown god.
   296 | D:1      | Gained mutation: You regenerate magic rapidly. [demonic
                  | ancestry]
   296 | D:1      | Reached XP level 2. HP: 22/22 MP: 2/2
   595 | D:1      | Reached skill level 1 in Spellcasting
   778 | D:1      | Reached XP level 3. HP: 25/27 MP: 4/4
  1398 | D:2      | Reached skill level 1 in Necromancy
  1989 | D:2      | Reached skill level 1 in Armour
  1989 | D:2      | Gained mutation: You have large cloven feet. [demonic
                  | ancestry]
  1989 | D:2      | Reached XP level 4. HP: 22/33 MP: 6/6
  2177 | D:2      | Found an iron altar of Okawaru.
  2814 | D:3      | Found a transporter.
  2822 | D:3      | Noticed Hyperion's ghost (amateur VSIE)
  2835 | D:3      | Reached skill level 2 in Spellcasting
  2864 | D:3      | Found a transporter.
  2930 | D:3      | Found a shadowy altar of Dithmenos.
  2931 | D:3      | Found an opulent altar of Gozag.
  2932 | D:3      | Found a hazy altar of Hepliaklqana.
  2942 | D:3      | Became a worshipper of Hepliaklqana the Forgotten
  2988 | D:3      | Noticed Grinder
  2990 | D:3      | Paralysed by Grinder for 3 turns
  3000 | D:3      | Paralysed by Grinder for 7 turns
  3011 | D:3      | Paralysed by Grinder for 7 turns
  3024 | D:3      | Paralysed by Grinder for 3 turns
  3027 | D:3      | Killed Grinder
  3028 | D:3      | Gained mutation: When hurt, damage is shared between your
                  | health and your magic reserves. [demonic ancestry]
  3028 | D:3      | Reached XP level 5. HP: 22/41 MP: 7/9
  3028 | D:3      | Reached XP level 6. HP: 26/47 MP: 7/10
  3233 | D:3      | Reached skill level 3 in Spellcasting
  4282 | D:4      | Gained mutation: You regenerate a little health from kills.
                  | [demonic ancestry]
  4282 | D:4      | Reached XP level 7. HP: 18/52 MP: 9/12
  4661 | D:4      | Found an ornate altar of the Wu Jian Council.
  5007 | D:4      | Noticed Menkaure
  5022 | D:4      | Killed Menkaure
  5023 | D:4      | Reached skill level 4 in Spellcasting
  5493 | D:4      | Reached XP level 8. HP: 34/60 MP: 6/14
  5659 | D:4      | Reached * piety under Hepliaklqana
  5927 | D:5      | Entered Level 5 of the Dungeon
  5979 | D:5      | Noticed Pikel
  6000 | D:5      | Killed Pikel
  6001 | D:5      | Reached skill level 5 in Spellcasting
  6582 | D:5      | Found Hyhul's Overcharged Wands.
  6600 | D:5      | Found a sacrificial altar of Ru.
  7260 | D:6      | Noticed Eustachio
  7279 | D:6      | Killed Eustachio
  7310 | D:6      | Reached XP level 9. HP: 54/60 MP: 17/17
  7315 | D:6      | Reached skill level 1 in Evocations
  7411 | D:6      | Noticed Prince Ribbit
  7438 | D:6      | Killed Prince Ribbit
  7439 | D:6      | Reached skill level 5 in Fighting
  7759 | D:6      | Noticed a kobold demonologist
  7768 | D:6      | Killed a kobold demonologist
  7769 | D:6      | Reached skill level 5 in Long Blades
  7769 | D:6      | Reached skill level 5 in Dodging
  7774 | D:6      | Reached skill level 6 in Spellcasting
  7774 | D:6      | Reached skill level 5 in Necromancy
  7775 | D:6      | Reached ** piety under Hepliaklqana
  7776 | D:6      | Remembered your ancestor Milos as a battlemage
  7828 | D:6      | Noticed Sigmund
  7840 | D:6      | Killed Sigmund
  7937 | D:6      | Learned a level 2 spell: Corpse Rot
  7942 | D:6      | Learned a level 4 spell: Dispel Undead
  7945 | D:6      | Learned a level 2 spell: Passwall
  7952 | D:6      | Learned a level 6 spell: Death Channel
  8248 | D:3      | Killed Hyperion's ghost
  8249 | D:3      | Reached skill level 5 in Armour
  8691 | D:7      | Noticed a troll
  8692 | D:7      | Noticed hitsuchi's ghost (novice TeBe)
  8697 | D:7      | Found a transporter.
  8708 | D:7      | Found a transporter.
  8714 | D:7      | Identified the +12 short sword of the Dragonfly {vorpal,
                  | *Rage rElec rC++ Stlth+}
  8783 | D:7      | Found a staircase to the Ecumenical Temple.
  8919 | D:7      | Found a runed translucent door.
  8920 | D:7      | Noticed Crazy Yiuf
  9471 | D:7      | Killed Crazy Yiuf
  9684 | D:7      | Gained mutation: You regenerate health from kills. [demonic
                  | ancestry]
  9684 | D:7      | Reached XP level 10. HP: 66/66 MP: 19/19
  9688 | D:7      | Killed hitsuchi's ghost
  9839 | D:8      | Reached *** piety under Hepliaklqana
  9895 | D:8      | Noticed Maggie
  9907 | D:8      | Killed Maggie
  9908 | D:8      | Reached skill level 7 in Spellcasting
  9908 | D:8      | Noticed Erica
  9930 | D:8      | Killed Erica
 10080 | D:8      | Identified 2 scrolls of acquirement
 10080 | D:8      | Acquired 496 gold pieces
 10081 | D:8      | Acquired the +2 pair of gloves "Ympoarara" {Dex+4}
 10130 | D:8      | Noticed Harold
 10140 | D:8      | Killed Harold
 10270 | D:8      | Found a blossoming altar of Fedhas.
 10456 | D:8      | Found an ancient bone altar of Kikubaaqudgha.
 10461 | D:8      | Reached XP level 11. HP: 73/73 MP: 22/22
 10643 | D:9      | Reached **** piety under Hepliaklqana
 10677 | D:9      | Found a sparkling altar of Nemelex Xobeh.
 10689 | D:9      | Found a radiant altar of Vehumet.
 10699 | D:9      | Found a broken altar of Ashenzari.
 10885 | D:9      | Found a staircase to the Lair.
 11106 | D:10     | Entered Level 10 of the Dungeon
 11118 | D:10     | Noticed a wizard
 11140 | D:10     | Killed a wizard
 11141 | D:10     | Reached skill level 8 in Spellcasting
 11157 | D:10     | Noticed a deep elf pyromancer
 11159 | D:10     | Killed a deep elf pyromancer
 11168 | D:10     | Noticed a stone giant
 11174 | D:10     | Noticed a deep troll earth mage
 11179 | D:10     | Killed a stone giant
 11183 | D:10     | Killed a deep troll earth mage
 11373 | D:10     | Found a stormy altar of Qazlal.
 11376 | D:10     | You fall into a shaft and drop 2 floors!
 11460 | D:12     | Reached skill level 5 in Evocations
 11633 | D:12     | Noticed a two-headed ogre
 11633 | D:12     | HP: 3/75 [meliai/+0 broad axe (3)]
 11634 | D:12     | Killed from afar by a meliai

Illustrated notes

Levels and vault maps discovered:
D:1:      moated_graveyard_arrival, layout_basic,
          chequers_ecumenical_altar_island, minmay_pentomino_w4
D:2:      kennysheep_big_flooded_room, layout_basic, basic_altar,
          minmay_quadrilaterals
D:3:      minmay_diamond_boxcup, layout_basic, mainiacjoe_overflow_alcove_3,
          gammafunk_ghost_stat_death, st_stairs_12, uniq_grinder
D:4:      layout_basic, lemuel_doored_altar, serial_bayou, serial_bayou_shore_a,
          serial_bayou_pond_d, serial_bayou_ford_a, serial_bayou_pond_d,
          serial_bayou_pond_e, serial_bayou_pond_a, hangedman_decor_lopped,
          uniq_menkaure
D:5:      kennysheep_kobold_camp, layout_rooms, lemuel_round_altar, hex_tiny,
          nicolae_shop_overcharged_wands, uniq_pikel
D:6:      layout_rooms, kennysheep_flooded_box, st_stairs_10,
          kennysheep_generic_room_2, uniq_sigmund, uniq_prince_ribbit1,
          uniq_eustachio
D:7:      layout_basic, minmay_temple_entry_wispy, gammafunk_ghost_arena,
          uniq_crazy_yiuf_cottage
D:8:      minmay_flawed_box, layout_basic, fedhas_altar_4,
          kennysheep_vampire_church, uniq_maggie, uniq_harold, uniq_erica
D:9:      layout_long_grid, mainiacjoe_overflow_alcove_2, vehumet_crystals,
          ashenzari_altar_1, dpeg_oklobed_lair
D:10:     minmay_sliced_demisemicircle, layout_rooms, slow_altar_1,
          grunt_qazlal_sundering, chequers_hall_statues_y, uniq_gastronok
D:12:     layout_grid_maze

Skill      XL: |  1  2  3  4  5  6  7  8  9 10 11 |
---------------+----------------------------------+-----
Spellcasting   | 1 2 3 4 5 6 7 8 |  8.4
Necromancy     | 1 2 3 4 5 6 7 |  7.3
Long Blades    | 3 4 5 6 7 |  7.5
Dodging        | 3 4 5 6 |  6.8
Armour         | 1 2 3 5 6 7 |  7.3
Fighting       | 3 4 5 6 7 |  7.2
Evocations     | 2 4 5 |  5.2
Throwing       | |  1.7

Action                   |  1- 3 |  4- 6 |  7- 9 | 10-12 || total
-------------------------+-------+-------+-------+-------++-------
Melee: Long sword        |   150 |   159 |   257 |       ||   566
       Punch             |     1 |     2 |     3 |     3 ||     9
       Kick              |       |    37 |   119 |    48 ||   204
       Scimitar          |       |       |    66 |       ||    66
       Short sword       |       |       |    18 |   160 ||   178
Throw: Throwing net      |       |     1 |     4 |       ||     5
 Cast: Dispel Undead     |       |       |       |     2 ||     2
Invok: Recall Ancestor   |       |       |     1 |     1 ||     2
       Ancestor Identity |       |       |     1 |       ||     1
       Ancestor Life: Ba |       |       |     1 |       ||     1
Evoke: Wand              |       |     2 |    20 |     3 ||    25
  Use: Potion            |     3 |     3 |     2 |     9 ||    17
       Scroll            |     1 |     1 |     9 |     8 ||    19
 Stab: Held in net/web   |       |       |     4 |       ||     4
       Sleeping          |       |       |     1 |     3 ||     4
       Distracted        |       |       |     5 |     3 ||     8
Armor: Leather armour    |    49 |    33 |       |       ||    82
       Skin              |       |    19 |       |       ||    19
       Ring mail         |       |    36 |   135 |     5 ||   176
       Troll leather arm |       |       |       |    96 ||    96
Dodge: Dodged            |   126 |   124 |   232 |   137 ||   619
